 Dungeon Crawl Stone Soup version 0.21.0-3-g78d12a8 (webtiles) character file.

639 Dfrag the Grave Robber (level 7, -4/51 HPs)
             Began as a Deep Dwarf Necromancer on Jan 13, 2018.
             Slain by an iguana (9 damage)
             ... on level 5 of the Dungeon.
             The game lasted 00:14:43 (3918 turns).

Dfrag the Grave Robber (Deep Dwarf Necromancer)     Turns: 3918, Time: 00:14:43

Health: -4/51      AC:  4    Str:  9 (12) XL:     7   Next: 25%
Magic:  9/15       EV: 12    Int: 16 (17) God:
Gold:   206        SH:  0    Dex: 10 (13) Spells: 12/16 levels left

rFire    + . .     SeeInvis .   A - +3 mace
rCold    . . .     Gourm    .   (no shield)
rNeg     . . .     Faith    .   a - +0 robe
rPois    .         Spirit   .   (no helmet)
rElec    .         Reflect  .   l - +0 cloak
rCorr    .         Harm     .   (no gloves)
MR       +....                  k - +0 pair of boots
Stlth    ++........             (no amulet)
HPRegen  0.00/turn              u - ring of protection from fire
MPRegen  0.14/turn              (no ring)

@: very slightly contaminated, non-regenerating
A: damage resistance, heal wounds, talons 1, frail 1, sense surroundings 1, wild
magic 1, no regeneration
a: Heal Wounds


You were on level 5 of the Dungeon.
You were not hungry.

You visited 1 branch of the dungeon, and saw 5 of its levels.
You also visited: Sewer.

You collected 206 gold pieces.

Inventory:

Hand Weapons
 A - a +3 mace (weapon)
Armour
 a - a +0 robe (worn)
 k - a +0 pair of boots (worn)
 l - a +0 cloak (worn)
Magical Staves
 r - an uncursed staff of death
Jewellery
 u - a ring of protection from fire (left hand)
Scrolls
 d - a scroll of blinking {unknown}
 e - 6 scrolls of remove curse {unknown}
 f - a scroll of noise {unknown}
 i - 2 scrolls of fog {unknown}
 j - a scroll of enchant armour {unknown}
 o - 3 scrolls of identify {unknown}
 t - a scroll of teleportation {unknown}
 w - a scroll of amnesia {unknown}
Potions
 g - 3 potions of degeneration
 h - a potion of heal wounds
 m - 2 potions of flight {unknown}
 p - a potion of magic {unknown}
 s - a potion of invisibility {unknown}
 v - a potion of brilliance
 x - a potion of curing
Books
 b - a book of Necromancy

   Spells                             Type                      Level
   a - Pain                           Necromancy                   1
   b - Animate Skeleton               Necromancy                   1
   c - Vampiric Draining              Necromancy                   3
   d - Regeneration                   Charms/Necromancy            3
   e - Animate Dead                   Necromancy                   4
   f - Borgnjor's Vile Clutch         Necromancy/Earth             5
 q - a book of Misfortune

   Spells                             Type                      Level
   a - Confusing Touch                Hexes                        1
   b - Confuse                        Hexes                        3
   c - Gell's Gravitas                Translocation                3
   d - Petrify                        Transmutation/Earth          4
   e - Metabolic Englaciation         Hexes/Ice                    5
   f - Yara's Violent Unravelling     Hexes/Transmutation          5
Comestibles
 c - 13 rations


   Skills:
 + Level 1.1 Fighting
 - Level 2.1 Dodging
 + Level 3.2 Stealth
 - Level 5.4 Spellcasting
 - Level 6.4 Necromancy


You had 12 spell levels left.
You knew the following spells:

 Your Spells              Type           Power        Failure   Level  Hunger
a - Pain                  Necr           ####         2%          1    None
b - Vampiric Draining     Necr           ####......   5%          3    ###....


Dungeon Overview and Level Annotations

Branches:
Dungeon (5/15)
 Temple: D:4-7

Altars:
Ashenzari
Fedhas
Hepliaklqana
Ru
Sif Muna
Xom


Innate Abilities, Weirdness & Mutations

You are resistant to damage.
You can heal yourself by infusing magical energy.
You passively map a small area around you.
You do not regenerate.
You have sharp toenails.
You are frail. (-10% HP)
Your spells are a little harder to cast, but a little more powerful.


Message History

* * * LOW HITPOINT WARNING * * *
An iguana is nearby!
Casting: Vampiric Draining
Confirm with . or Enter, or press ? or * to list all spells.
Aiming: Vampiric Draining
Press: ? - help, Shift-Dir - straight line, f - iguana
Aim: an iguana The iguana is severely wounded.
You feel life coursing into your body. The iguana bites you!
* * * LOW HITPOINT WARNING * * *
Unknown command.
Casting: Vampiric Draining
Confirm with . or Enter, or press ? or * to list all spells.
Aiming: Vampiric Draining
Press: ? - help, Shift-Dir - straight line, f/p - iguana
Aim: an iguana (severely wounded)
You miscast Vampiric Draining.
You are very lightly contaminated with residual magic.
Nothing appears to happen.
The iguana bites you!
You die...

...##### #.##...##
###* #.#.8.8.#, , ..#
#.#.._..# , #.#
#.#...8.# * #.#
#.#'...### #.# ,#
...#####.###.###.##.#
.⌠..(.....##...l....#
...#####..## *##@##**
#.#'...##..####...###
#(#...8.#..(........#
#.#.._..#..####...#.#
#.#.8.8.#### ##.##.#
#.##...## #.#* #
...##### #.# #.# #.#
** .# *


You could see an iguana.

Vanquished Creatures
  Purgy (Sewer)
  An ogre (D:4)
  The ghost of geo the Magician, an amateur DEFE (D:3)
  A howler monkey (D:4)
  A crimson imp (D:4)
  2 orc wizards (D:3)
  Crazy Yiuf (D:3)
  A centaur skeleton (D:4)
  An iguana (D:4)
  5 adders
  An ooze (D:2)
  6 worms
  A dart slug (D:3)
  3 leopard geckos
  6 orcs
  9 bats
  3 giant cockroaches
  9 goblins
  6 hobgoblins
  17 jackals
  2 quokkas (D:3)
  6 frilled lizards
  A jackal zombie (D:5)
  8 kobolds
  A leopard gecko skeleton (D:4)
  A quokka zombie (D:5)
  13 rats
108 creatures vanquished.

Notes
Turn   | Place    | Note
-------+----------+-------------------------------------------
     0 | D:1      | Dfrag the Deep Dwarf Necromancer began the quest for the Orb.
     0 | D:1      | Reached XP level 1. HP: 15/15 MP: 3/3
   172 | D:1      | Reached XP level 2. HP: 10/22 MP: 0/5
   590 | D:1      | Reached XP level 3. HP: 13/28 MP: 5/7
   601 | D:1      | Learned a level 3 spell: Vampiric Draining
  1073 | D:2      | Reached skill level 5 in Necromancy
  1130 | D:2      | Reached XP level 4. HP: 18/36 MP: 2/8
  1486 | D:3      | Noticed geo's ghost (amateur DEFE)
  1775 | D:4      | Found a shimmering altar of Xom.
  1776 | D:4      | Found a shimmering altar of Xom.
  1777 | D:4      | Found a shimmering altar of Xom.
  1870 | D:4      | Reached XP level 5. HP: 21/42 MP: 3/10
  1898 | D:4      | Found a sacrificial altar of Ru.
  2078 | D:4      | Found a glowing drain.
  2093 | Sewer    | Entered a sewer
  2234 | Sewer    | Noticed Purgy
  2273 | Sewer    | Killed Purgy
  2273 | Sewer    | Reached XP level 6. HP: 29/49 MP: 2/12
  2366 | D:4      | Reached skill level 6 in Necromancy
  2546 | D:4      | Reached skill level 5 in Spellcasting
  2895 | D:3      | Found a runed door.
  2899 | D:3      | Noticed Crazy Yiuf
  2904 | D:3      | Killed Crazy Yiuf
  2975 | D:3      | Gained mutation: You are frail. (-10% HP) [potion of mutation]
  2975 | D:3      | Gained mutation: Your spells are a little harder to cast, but a little more powerful. [potion of mutation]
  2975 | D:3      | Gained mutation: You have sharp toenails. [potion of mutation]
  2995 | D:3      | Killed geo's ghost
  2995 | D:3      | Reached XP level 7. HP: 19/49 MP: 13/15
  3496 | D:3      | Reached skill level 1 in Fighting
  3714 | D:3      | You fall through a shaft!
  3854 | D:5      | Entered Level 5 of the Dungeon
  3880 | D:5      | Found a deep blue altar of Sif Muna.
  3883 | D:5      | Found a shattered altar of Ashenzari.
  3886 | D:5      | Found a blossoming altar of Fedhas.
  3889 | D:5      | Found a hazy altar of Hepliaklqana.
  3918 | D:5      | Slain by an iguana

Skill      XL: |  1  2  3  4  5  6  7 |
---------------+----------------------+-----
Spellcasting   | 2 3 4 5 |  5.4
Necromancy     | 5 6 |  6.4
Fighting       | 1 |  1.1
Stealth        | 3 |  3.2
Dodging        | |  2.1

Action                   |  1- 3 |  4- 6 |  7- 9 || total
-------------------------+-------+-------+-------++-------
Melee: Unarmed           |    15 |       |       ||    15
       Dagger            |    14 |    77 |       ||    91
       Staff             |       |    70 |       ||    70
       Mace              |       |    18 |    35 ||    53
 Cast: Pain              |    55 |    37 |     5 ||    97
       Vampiric Draining |     6 |    34 |    18 ||    58
  Use: Potion            |       |     8 |       ||     8
 Stab: Sleeping          |       |       |     1 ||     1
  Eat: Chunk             |     2 |     9 |     4 ||    15
Armor: Robe              |     8 |    36 |    19 ||    63
Dodge: Dodged            |    27 |   130 |    25 ||   182
